 Dungeon Crawl Stone Soup version 0.23-a0-629-gae4348f (webtiles) character file.

71 Mgcat the Skirmisher (level 4, -1/42 HPs)
             Began as a Hill Orc Fighter on Dec 26, 2018.
             Slain by a worm (2 damage)
             ... on level 2 of the Dungeon.
             The game lasted 00:02:31 (929 turns).

Mgcat the Skirmisher (Hill Orc Fighter)              Turns: 929, Time: 00:02:32

Health: -1/42      AC:  6    Str: 24    XL:     4   Next: 24%
Magic:  4/4        EV:  9    Int:  8    God:
Gold:   120        SH:  0    Dex: 10    Spells: 3/3 levels left

rFire    . . .     SeeInvis .   a - +0 war axe
rCold    . . .     Gourm    .   (no shield)
rNeg     . . .     Faith    .   b - +0 scale mail
rPois    .         Spirit   .   (no helmet)
rElec    .         Reflect  .   (no cloak)
rCorr    .         Harm     .   (no gloves)
MR       .....                  (no boots)
Stlth    ..........             (no amulet)
HPRegen  0.14/turn              (no ring)
MPRegen  0.09/turn              (no ring)

@: mighty
A: no striking features
a: no special abilities


You were on level 2 of the Dungeon.
You were not hungry.

You visited 1 branch of the dungeon, and saw 2 of its levels.

You collected 120 gold pieces.

Inventory:

Hand Weapons
 a - a +0 war axe (weapon)
Armour
 b - a +0 scale mail (worn)
 c - a +0 shield
Scrolls
 e - 2 scrolls of identify {unknown}
 h - a scroll of fear {unknown}
 i - 2 scrolls of teleportation {unknown}
 m - a scroll of noise {unknown}
 n - a scroll of enchant weapon {unknown}
 o - 2 scrolls of remove curse {unknown}
Potions
 j - a potion of flight {unknown}
 k - a potion of agility {unknown}
 l - 2 potions of haste {unknown}
Comestibles
 f - 3 rations
 g - 3 chunks of flesh {@w0}


   Skills:
 - Level 5.0 Fighting
 + Level 4.5 Axes
 - Level 3.2 Armour
 - Level 3.2 Shields


You had 3 spell levels left.
You didn't know any spells.
Your spell library was empty.

Dungeon Overview and Level Annotations

Branches:
Dungeon (2/15)

Altars:


Message History

You see here a bat corpse.
You closely miss the frilled lizard. The frilled lizard barely misses you.
The frilled lizard bites you but does no damage.
You slash the frilled lizard!
You kill the frilled lizard!
No target in view!
No target in view!
You butcher the bat corpse.
g - 2 chunks of flesh {@w0} (gained 1)
You see here a bat skeleton. x2
A kobold comes into view.
The kobold shouts!
A kobold is nearby!
A kobold is nearby!
You barely miss the kobold. The kobold barely misses you. x2
You hit the kobold.
You kill the kobold!
No target in view!
No target in view!
You see here a kobold corpse.
A dart slug comes into view.
A bat comes into view.
There are monsters nearby!
You slash the dart slug!
You kill the dart slug!
The bat hits you but does no damage.
You slash the bat!
You kill the bat!
You have reached level 4!
You butcher the bat corpse.
g - 3 chunks of flesh {@w0} (gained 1)
You see here a bat skeleton. x2
Key pressed, stopping explore.
Key pressed, stopping explore.
A hobgoblin comes into view.
The hobgoblin hits you.
You hit the hobgoblin.
The hobgoblin is almost dead.
The hobgoblin hits you.
You hit the hobgoblin.
You kill the hobgoblin!
No target in view!
No target in view!
A worm comes into view.
A worm is nearby!
An adder comes into view.
The adder moves out of view.
A goblin and a dart slug come into view.
The goblin shouts!
The worm bites you!
You are too injured to fight recklessly!
You are too injured to fight recklessly!
You are too injured to fight recklessly!
Unknown command.
Unknown command.
You closely miss the adder. The adder barely misses you.
The adder closely misses you.
You closely miss the adder. The adder barely misses you. x2
You miss the adder. The adder bites you but does no damage.
You slash the adder!
The adder is almost dead.
The adder completely misses you. The adder closely misses you.
You slash the adder!
You kill the adder!
You slash the goblin!
You kill the goblin!
The dart slug launches a dart at you. The slug dart hits you!
Things that are here:
a +0 club; an adder corpse You hit the dart slug.
The dart slug is lightly wounded.
The dart slug launches a dart at you. The slug dart hits you!
You hit the dart slug.
The dart slug is moderately wounded.
The dart slug launches a dart at you. The slug dart hits you!
You hit the dart slug.
The dart slug is almost dead.
The dart slug launches a dart at you. The slug dart hits you!
* * * LOW HITPOINT WARNING * * *
You slash the dart slug!
You kill the dart slug!
Training target 5.0 for Fighting reached!
Your Fighting skill increases to level 5!
The worm bites you!
* * * LOW HITPOINT WARNING * * *
You see here a dart slug corpse.
Unknown command.
You hit the worm.
The worm is moderately wounded.
The worm bites you.
* * * LOW HITPOINT WARNING * * *
Unknown command.
You feel very mighty all of a sudden.
You hit the worm.
The worm is heavily wounded.
The worm bites you.
You die...

#.....# ...
#.....# ...
#.....# #.#
#.....# #.#
####.## #.# #.#
#.# #.# #.# #.#
#)# #.#
##@#######.# #.#
#.w........#
#.####........[.#
#...............#
#.####............
####...........###
#.............
......####......
.......# ......


You could see a worm.

Vanquished Creatures
  2 adders (D:2)
  An ooze (D:2)
  3 dart slugs (D:2)
  2 giant cockroaches (D:2)
  4 goblins
  8 hobgoblins
  2 jackals (D:2)
  6 kobolds
  8 bats
  3 frilled lizards
  A rat (D:2)
40 creatures vanquished.

Notes
Turn   | Place    | Note
-------+----------+-------------------------------------------
     0 | D:1      | Mgcat the Hill Orc Fighter began the quest for the Orb.
     0 | D:1      | Reached XP level 1. HP: 19/19 MP: 1/1
    77 | D:1      | Reached skill level 3 in Axes
   129 | D:1      | Reached skill level 4 in Fighting
   129 | D:1      | Reached XP level 2. HP: 24/27 MP: 2/2
   552 | D:2      | Reached XP level 3. HP: 34/34 MP: 3/3
   621 | D:2      | Reached skill level 4 in Axes
   883 | D:2      | Reached XP level 4. HP: 40/41 MP: 4/4
   925 | D:2      | Reached skill level 5 in Fighting
   926 | D:2      | HP: 5/42 [worm (7)]
   927 | D:2      | HP: 1/42 [worm (4)]
   929 | D:2      | Slain by a worm

Vault maps used:
D:1:      minmay_arrival_jagged, minmay_box_of_dots

Skill      XL: |  1  2  3  4 |
---------------+-------------+-----
Axes           | 3 4 |  4.5
Fighting       | 4 5 |  5.0
Armour         | |  3.2
Shields        | |  3.2

Action                   |  1- 3 |  4- 6 || total
-------------------------+-------+-------++-------
Melee: War axe           |   100 |    14 ||   114
  Use: Potion            |       |     1 ||     1
Armor: Scale mail        |    71 |     1 ||    72
Dodge: Dodged            |    61 |     6 ||    67
Block: Shield            |     4 |       ||     4

Table legend:
 A = Non-vault XP
 B = Vault XP
 C = Vault XP percentage of total XP
 D = Non-vault monster count
 E = Vault monster count
 F = Vault count percentage of total count
                 A         B        C        D         E       F
            +---------+---------+-------+---------+---------+-------
      Total |     100 |       2 |   2.0 |      39 |       1 |   2.5
            +---------+---------+-------+---------+---------+-------
        D:1 |      23 |       2 |   8.0 |      13 |       1 |   7.1
        D:2 |      77 |       0 |   0.0 |      26 |       0 |   0.0
            +---------+---------+-------+---------+---------+-------

Vault maps used:
D:1:      minmay_arrival_jagged, minmay_box_of_dots

Table legend:
 A = Turns spent in this place as a percentage of turns spent in the entire game.
 B = Non-inter-level travel turns spent in this place as a percentage of non-inter-level travel turns spent in the entire game.
 C = Inter-level travel turns spent in this place as a percentage of turns spent in this place.
 D = Turns resting spent in this place as a percentage of non-inter-level travel turns spent in this place.
 E = Turns spent auto-exploring this place as a percentage of non-inter-level travel turns spent in this place.
 F = Non-inter-level travel turns spent in this place divided by the number of levels of this place that you've seen.
                   A       B       C       D       E      F
               +-------+-------+-------+-------+-------+----------------------
         Total | 100.0 | 100.0 |   0.6 |   0.0 |  73.1 | 461.5
       Dungeon | 100.0 | 100.0 |   0.6 |   0.0 |  73.1 | 461.5
               +-------+-------+-------+-------+-------+----------------------

Table legend:
 A = Kills in this place as a percentage of kills in entire the game.
 B = Kills by you in this place as a percentage of kills by you in the entire game.
 C = Kills by friends in this place as a percentage of kills by friends in the entire game.
 D = Other kills in this place as a percentage of other kills in the entire game.
 E = Experience gained in this place as a percentage of experience gained in the entire game.
 F = Experience gained in this place divided by the number of levels of this place that you have seen.
                   A       B       C       D       E      F
               +-------+-------+-------+-------+-------+----------------------
         Total | 100.0 | 100.0 |   N/A |   N/A | 100.0 |  51.0
       Dungeon | 100.0 | 100.0 |   N/A |   N/A | 100.0 |  51.0
               +-------+-------+-------+-------+-------+----------------------
